Map: Galactic Process LE

Players

MVPMemeKing - Winner!

  • Race: Terran Terran
  • League: Grandmaster

Nathanias

  • Race: Terran Terran
  • League: Grandmaster

VOD

Have the link to the VOD?

Description

Time

  • Played on: July 21, 2016, 4:25 p.m.
  • Length: 16:19
Show
View Real Time Build Order
Export as new Build Order

MVPMemeKing Terran - Winner!

Build Orders: Reaper Expand, Mech 

Get SALT Encoding   

  12  0:00  SCV  
  13  0:12  SCV  
  14  0:17  Supply Depot  
  14  0:25  SCV  
  15  0:29  Refinery  
  15  0:38  SCV  
  16  0:45  Barracks  
  16  0:51  SCV  
  17  1:03  SCV  
  18  1:16  SCV  
  19  1:32  Orbital Command  
  19  1:33  Reaper  
  20  1:47  Command Center  
  20  1:58  SCV  
  21  2:03  Supply Depot  
  21  2:10  Factory  
  21  2:13  Reaper  
  21  2:15  SCV  
  23  2:30  SCV  
  23  2:33  Refinery  
  24  2:42  SCV  
  25  2:45  Marine  
  26  2:54  Starport, Hellion  
  26  2:55  SCV  
  29  2:59  Orbital Command  
  29  3:07  Barracks Reactor, SCV  
  30  3:16  Hellion  
  30  3:19  SCV  
  33  3:26  SCV  
  34  3:31  SCV  
  34  3:33  Viking  
  37  3:36  Supply Depot  
  37  3:38  SCV  
  40  3:43  SCV  
  39  3:50  SCV  
  39  3:55  Barracks Tech Lab, SCV  
  41  3:59  Hellion, Supply Depot  
  41  4:00  Hellion  
  45  4:03  Viking, SCV  
  45  4:07  SCV  
  49  4:15  SCV  
  49  4:19  Engineering Bay, SCV  
  49  4:21  Hellion  
  54  4:24  Widow Mine  
  54  4:27  SCV  
  55  4:31  SCV  
  55  4:32  Supply Depot  
  56  4:39  SCV  
  56  4:42  Hellion  
  56  4:43  SCV  
  60  4:51  SCV  
  61  4:53  Raven  
  61  4:54  Hellion  
  61  4:56  SCV  
  61  4:57  Refinery  
  61  4:58  Supply Depot  
  66  5:01  Barracks Reactor  
  66  5:03  Factory, SCV  
  67  5:08  SCV  
  67  5:10  Missile Turret  
  67  5:13  Missile Turret  
  68  5:15  SCV  
  68  5:21  Command Center  
  69  5:23  SCV  
  69  5:27  SCV  
  71  5:41  SCV  
  70  5:43  SCV  
  71  5:50  Hellion x2  
  71  5:53  Supply Depot  
  71  5:54  Refinery  
  71  5:55  Viking  
  77  6:03  Supply Depot  
  77  6:05  Infernal Pre-Igniter  
  77  6:10  Armory  
  77  6:11  SCV  
  78  6:14  SCV, Siege Tank, Viking  
  78  6:17  Supply Depot  
  78  6:18  Hellion  
  86  6:24  Hellion  
  87  6:33  SCV x2  
  87  6:36  Supply Depot  
  87  6:39  Hellion  
  91  6:42  SCV  
  91  6:44  Supply Depot  
  91  6:46  Hellion  
  94  6:56  Medivac x2, Siege Tank  
  94  6:57  Orbital Command  
  101  7:06  Terran Vehicle Weapons Level 1  
  101  7:07  Armory  
  101  7:08  Refinery  
  101  7:09  Hellion x2  
  101  7:11  Refinery  
  101  7:12  SCV x2  
  107  7:23  Orbital Command  
  107  7:25  SCV x2  
  107  7:27  Factory  
  107  7:29  Siege Tank  
  112  7:33  Hellion x2  
  112  7:36  Hellion x3  
  116  7:37  SCV x2  
  116  7:42  Medivac x2, Supply Depot  
  122  7:49  SCV x2  
  122  7:51  SCV  
  125  7:55  Hellion  
  127  8:01  SCV  
  128  8:06  Siege Tank  
  128  8:07  Hellion  
  128  8:08  SCV x2  
  135  8:14  Factory Tech Lab  
  135  8:15  Terran Vehicle And Ship Armor Level 1  
  135  8:16  Medivac x2  
  139  8:22  Hellion  
  141  9:02  Viking  
  141  9:06  Hellion  
  141  9:13  Hellion  
  141  9:14  Command Center, Factory x2, Hellion, Viking  
  141  9:16  Terran Vehicle Weapons Level 2  
  141  9:17  Command Center  
  139  9:22  SCV  
  139  9:23  SCV  
  141  9:35  Sensor Tower  
  141  9:36  Missile Turret x2  
  141  9:40  Missile Turret  
  141  9:41  Sensor Tower  
  141  9:43  Missile Turret  
  141  9:44  Missile Turret  
  141  9:47  Hellion x2  
  141  9:52  Supply Depot  
  141  9:53  SCV, Hellion x2, Siege Tank, Supply Depot  
  149  10:10  Factory Tech Lab, Factory Reactor  
  149  10:13  Medivac x2, SCV x3  
  156  10:14  Siege Tank  
  156  10:15  Hellion  
  156  10:16  Terran Vehicle And Ship Armor Level 2  
  161  10:21  Supply Depot  
  161  10:22  Supply Depot  
  161  10:25  Thor  
  161  10:26  SCV x3  
  170  10:28  Hi-Sec Auto Tracking, Missile Turret  
  170  10:32  Siege Tank  
  171  10:41  Hellion x2  
  173  10:44  Refinery, Missile Turret  
  173  10:45  Sensor Tower  
  173  10:46  Refinery, Thor  
  175  10:55  Hellion x2  
  147  11:02  Hellion  
  147  11:03  Hellion  
  147  11:04  Siege Tank  
  135  11:08  Siege Tank  
  125  11:16  Hellion x2  
  122  11:24  Hellion  
  122  11:25  Building Armor, Hellion  
  119  11:29  Siege Tank  
  119  11:35  Viking x2  
  119  11:38  Hellion x2  
  120  11:41  Hellion  
  120  11:45  Hellion  
  120  11:46  Hellion  
  123  11:47  Hellion x3  
  123  11:59  Hellion x2  
  127  12:05  Siege Tank, Viking x2  
  127  12:06  Siege Tank  
  134  12:10  Siege Tank  
  134  12:13  SCV x2  
  139  12:18  Hellion  
  141  12:28  Hellion  
  141  12:29  Hellion  
  139  12:35  Viking  
  139  12:37  Terran Vehicle Weapons Level 3  
  141  12:38  Siege Tank  
  144  12:48  Siege Tank x2  
  148  12:58  Hellion  
  148  13:03  Hellion  
  137  13:09  Hellion  
  137  13:10  Siege Tank  
  142  13:15  Viking  
  142  13:16  Hellion  
  145  13:20  Siege Tank x2  
  145  13:29  Hellion  
  147  13:38  Hellion  
  149  13:42  Siege Tank  
  149  13:48  Planetary Fortress  
  152  13:52  Siege Tank x2  
  152  13:54  Viking  
  160  13:57  Medivac  
  160  14:01  Orbital Command  
  162  14:04  Hellion x2  
  162  14:21  Siege Tank  
  162  14:22  Hellion x2  
  148  14:25  SCV x2  
  148  14:26  SCV  
  151  14:35  Siege Tank, Hellion  
  151  14:37  Refinery  
  159  14:44  Sensor Tower  
  159  14:47  Hellion x3, Missile Turret  
  162  14:54  Sensor Tower  
  162  14:59  Thor x2  
  162  15:00  Viking  
  162  15:01  Hellion  
  178  15:12  Siege Tank  
  178  15:13  Hellion  
  164  15:29  Widow Mine  
  164  15:30  Hellion x2  
  164  15:34  Hellion  
  172  15:42  Siege Tank  
  172  15:43  Viking x2  
Show
View Real Time Build Order
Export as new Build Order

Nathanias Terran 

Build Orders: Reaper Expand, MMM Bio, Banshee Rush 

Get SALT Encoding   

  12  0:01  SCV  
  13  0:13  SCV  
  14  0:17  Supply Depot  
  14  0:26  SCV  
  14  0:28  Refinery  
  15  0:39  SCV  
  16  0:46  Barracks  
  16  0:51  SCV  
  17  1:03  SCV  
  18  1:15  SCV  
  19  1:32  Orbital Command  
  19  1:33  Reaper  
  20  1:53  Command Center  
  20  2:00  Factory  
  20  2:02  SCV  
  20  2:06  Reaper  
  22  2:16  Supply Depot  
  22  2:17  Refinery  
  22  2:21  SCV  
  22  2:33  SCV  
  23  2:39  Marine  
  24  2:45  SCV  
  24  2:47  Hellion  
  27  2:52  Starport  
  27  2:57  SCV  
  28  2:58  Barracks Tech Lab  
  28  3:06  Orbital Command  
  28  3:11  Hellion  
  30  3:13  SCV  
  31  3:24  Orbital Command  
  31  3:25  SCV  
  32  3:35  Cloaking Field  
  32  3:36  Banshee  
  32  3:38  SCV  
  32  3:40  Barracks Tech Lab  
  36  3:41  Hellion  
  38  3:50  SCV  
  38  3:52  Supply Depot  
  38  3:55  SCV  
  40  4:07  Barracks Reactor  
  40  4:10  SCV x2  
  40  4:13  Cyclone  
  46  4:19  Banshee  
  46  4:20  Supply Depot  
  49  4:29  SCV x2  
  51  4:39  Command Center  
  51  4:41  SCV x2  
  53  4:47  Factory  
  50  4:53  SCV x2  
  50  4:57  Barracks Reactor  
  52  5:02  Banshee  
  52  5:05  SCV x2  
  57  5:09  Refinery  
  57  5:11  Refinery  
  57  5:14  Barracks  
  57  5:18  SCV x2  
  59  5:24  Engineering Bay  
  59  5:25  Engineering Bay  
  59  5:27  Supply Depot  
  59  5:33  SCV  
  59  5:34  Marine x2  
  58  5:44  SCV  
  58  5:45  SCV  
  57  5:52  Terran Infantry Weapons Level 1, Terran Infantry Armor Level 1  
  57  5:53  Orbital Command, Starport Reactor, Barracks  
  57  5:57  SCV  
  57  5:58  Marine x2, SCV  
  57  5:59  Siege Tank  
  64  6:09  SCV, Barracks  
  64  6:10  Barracks, SCV  
  66  6:15  Marine  
  67  6:22  Marine x2, SCV x2  
  71  6:26  Supply Depot  
  71  6:28  SCV  
  71  6:29  Supply Depot  
  72  6:33  Marauder  
  72  6:34  SCV  
  72  6:35  Medivac x2, Siege Tank  
  82  6:42  SCV x2  
  82  6:44  Marine  
  82  6:47  Marine x3  
  77  6:55  Stimpack, Marauder  
  79  7:02  SCV x3  
  79  7:03  Barracks Tech Lab x2  
  79  7:07  Supply Depot  
  82  7:09  Marine x2  
  82  7:10  Marine x2  
  82  7:11  Siege Tank, Supply Depot  
  82  7:14  SCV x3  
  92  7:16  Marauder  
  92  7:21  Armory  
  98  7:23  Concussive Shells, Marauder x2  
  98  7:24  Combat Shields  
  98  7:26  SCV x3  
  98  7:28  Marine x2  
  103  7:30  Marine x2  
  103  7:33  Supply Depot  
  105  7:38  SCV x3  
  105  7:40  Marauder  
  105  7:41  Medivac  
  105  7:42  Medivac  
  116  7:44  Marauder  
  116  7:45  Refinery  
  116  7:46  Refinery  
  116  7:51  Marine  
  117  7:55  Marine x3  
  117  7:56  SCV x3, Supply Depot x2  
  123  7:59  Marauder  
  123  8:01  Siege Tank  
  128  8:12  Marauder x2  
  131  8:17  SCV  
  131  8:19  Supply Depot  
  131  8:20  Marauder  
  131  8:29  Marine x3  
  131  8:30  Medivac x2  
  131  8:33  Marauder x2  
  142  8:35  Terran Infantry Weapons Level 2  
  142  8:38  Barracks  
  142  8:39  Barracks, Terran Infantry Armor Level 2  
  133  8:51  SCV x3  
  133  8:54  Marauder, Marine  
  133  8:55  Marauder  
  136  8:56  Command Center  
  130  9:04  Marauder, Marine  
  130  9:06  SCV x2  
  134  9:15  Siege Tank  
  134  9:16  Marauder  
  139  9:25  Marauder  
  139  9:30  Barracks Tech Lab  
  139  9:31  Supply Depot  
  141  9:32  Supply Depot  
  141  9:34  Supply Depot  
  141  9:36  Marauder, Marine x2  
  145  9:41  Barracks Tech Lab  
  145  9:42  SCV x3  
  148  9:58  Marauder x2, Marine x2  
  154  10:06  Siege Tank  
  157  10:07  Marauder x2  
  157  10:08  Marauder  
  157  10:09  SCV x3  
  157  10:14  Marine  
  167  10:19  Medivac x2  
  167  10:20  Marauder x2  
  174  10:26  Planetary Fortress  
  174  10:28  SCV x3  
  177  10:32  Marauder x3  
  177  10:34  Terran Vehicle Weapons Level 1  
  183  10:36  Marine x3  
  183  10:41  Marauder  
  188  10:48  Marauder  
  154  10:59  Marine x3  
  154  11:00  Marauder x3, Marine  
  154  11:02  Marauder  
  149  11:12  Marine  
  149  11:17  Marine x4  
  154  11:21  Marauder x3  
  154  11:24  Marauder  
  151  11:30  Marauder  
  151  11:31  Medivac x2  
  141  11:35  Marine x4  
  136  11:42  Marauder  
  136  11:43  Marauder x2  
  142  11:48  Marine  
  142  11:52  Marauder, Marine  
  146  11:59  Marine x3  
  146  12:00  Siege Tank  
  137  12:04  Marauder x2  
  141  12:15  Marauder x3  
  147  12:17  Terran Infantry Weapons Level 3  
  144  12:23  Command Center  
  144  12:25  Marauder  
  144  12:29  SCV x4  
  146  12:41  Marauder x3, Marine x4, SCV x4  
  160  12:44  Siege Tank  
  163  12:53  SCV x2  
  124  13:07  Marauder x2, Marine x3  
  124  13:08  Marauder  
  124  13:09  Marine x2  
  124  13:10  Marauder  
  137  13:19  Refinery  
  136  13:20  Refinery  
  136  13:24  Marine  
  136  13:25  Marine  
  130  13:28  Marauder  
  130  13:29  Marauder x2, Marine x2  
  138  13:39  Marauder x2, Siege Tank  
  145  13:45  Planetary Fortress  
  145  13:49  Marauder  
  145  13:54  Medivac x2  
  151  14:09  Refinery  
  146  14:11  Refinery  
  146  14:16  Marine  
  146  14:17  Marauder  
  146  14:22  Marine x2  
  146  14:23  Marauder, Marine  
  146  14:24  Marauder x3, Siege Tank  
  106  14:27  Medivac  
  106  14:28  Medivac  
  110  14:44  Marauder, Starport, Marine x4  
  110  14:45  Marauder, Starport  
  120  14:46  Starport, Marauder  
  120  14:47  Marauder  
  122  14:54  Marauder  
  122  14:56  Siege Tank  
  111  15:14  Marine  
  111  15:15  Marauder x2, Marine  
  111  15:17  Marauder x2, Marine x2  
  111  15:18  Marine  
  111  15:24  Viking x3  
  117  15:28  Siege Tank  
  117  15:30  Viking  
  117  15:31  Viking  
  124  15:36  Marauder  
  126  15:54  Marine x3  
  126  15:55  Marauder  
Tags
 
Add a new tag
Caveats
  • Supply blocks, unpowered buildings, or Contaminate may cause inaccurate times.
  • Supply counts are checked every 10 seconds.